 Dungeon Crawl Stone Soup version 0.28-a0-317-g21599a725c (webtiles) character file.

Game seed: 13962375118672123643

96 Majang the Sneak (level 4, -3/27 HPs)
             Began as a Vampire Delver on Sept 1, 2021.
             Killed from afar by Crazy Yiuf (12 damage)
             ... with a puff of flame
             ... on level 2 of the Dungeon.
             The game lasted 00:08:22 (1944 turns).

Majang the Sneak (Vampire Delver)                   Turns: 1944, Time: 00:08:22

Health: -3/27      AC:  0    Str: 10 (12) XL:     4   Next: 41%
Magic:  2/4        EV: 19    Int: 10 (12) God:
Gold:   136        SH:  5    Dex: 18 (20) Spells: 3/3 levels left

rFire   . . .      SeeInvis +   (weapon currently unavailable)
rCold   + + .      Faith    .   (shield currently unavailable)
rNeg    + + +      Spirit   .   (armour currently unavailable)
rPois   ∞          Reflect  +   (helmet currently unavailable)
rElec   .          Harm     .   (cloak currently unavailable)
rCorr   .          Rampage  .   (gloves currently unavailable)
Will    .....                   (boots currently unavailable)
Stlth   ++++++....              p - amulet of reflection
HPRegen 0.00/turn               (ring currently unavailable)
MPRegen 0.09/turn               (ring currently unavailable)

@: bat-form, flying, bloodless, inhibited regen, very quick
A: fast, flying, no casting, bloodless, tiny, fangs 3, see invisible, vampiric 2
a: Revivify, End Transformation


You were on level 2 of the Dungeon.
You were a vampire bat.
You visited 1 branch of the dungeon, and saw 5 of its levels.

You collected 136 gold pieces.

Inventory:

Hand Weapons
 a - a +0 vorpal falchion (melded)
Missiles
 m - 2 throwing nets (quivered)
Armour
 b - a +0 leather armour
 h - a +0 ring mail (melded)
 j - a +0 scale mail
Jewellery
 n - a ring of wizardry
 p - an amulet of reflection (around neck)
Wands
 e - a wand of paralysis (10)
 g - a wand of digging (3)
Scrolls
 c - 6 scrolls of fog
 d - a scroll of magic mapping
 f - a scroll of enchant weapon {unknown}
 l - 2 scrolls of identify {unknown}
 o - a scroll of enchant armour {unknown}
 q - a scroll of teleportation {unknown}
 r - a scroll of immolation {unknown}
Potions
 i - 2 potions of degeneration {unknown}
 k - a potion of curing {unknown}
 s - a potion of attraction {unknown}


   Skills:
 - Level 2.6 Fighting
 * Level 4.7 Long Blades
 - Level 2.1 Dodging
 - Level 7.2 Stealth


You had 3 spell levels left.
You didn't know any spells.
Your spell library contained the following spells:

 Spells                   Type           Power      Damage    Failure   Level
 Blink                    Tloc           N/A        N/A       50%         2
 Conjure Flame            Conj/Fire      0%         6-21      75%         3
 Ignite Poison            Fire/Tmut/Pois 0%         N/A       75%         3
 Hailstorm                Conj/Ice       0%         3d3       98%         4
 Ice Form                 Ice/Tmut       0%         N/A       98%         4
 Sticky Flame             Conj/Fire      0%         2d3       98%         4
 Manifold Assault         Tloc           0%         N/A       100%        5
 Simulacrum               Ice/Necr       0%         N/A       100%        6
 Storm Form               Tmut/Air       0%         N/A       100%        7


Dungeon Overview and Level Annotations

Branches:
Dungeon (5/15)
 Temple: D:4-7

Altars:
Elyvilon
Fedhas
Qazlal

Annotations:
D:2 Crazy Yiuf


Innate Abilities, Weirdness & Mutations

You are a vampire bat.
You are tiny and dextrous.
You move quickly.
You are flying.
You are immune to poison.
Your equipment is almost entirely melded.
You are incapable of wielding weapons or throwing items.
You cannot cast spells.
You do not regenerate when monsters are visible.
You are frail without blood (-20% HP).
You can heal yourself when you bite living creatures.
You have razor-sharp teeth.
You have supernaturally acute eyesight. (SInv)
You are afflicted with vampirism and can become a bat while bloodless.


Message History

You see here 11 gold pieces.
The helpless frilled lizard fails to defend itself.
You bite the frilled lizard, and draw its blood!
You hit the frilled lizard.
You kill the frilled lizard!
You now have 136 gold pieces (gained 11).
Things that are here:
a +0 dagger; 2 stones; a kobold corpse
Found a stone staircase leading up.
There is a stone staircase leading up here.
There is a stone staircase leading down here.
s - a fuming brown potion You see here a rat skeleton.
Found a mace.
Found a runed translucent door.
You open the door.
There is an open translucent door here.
The helpless Crazy Yiuf fails to defend himself.
You bite Crazy Yiuf, and draw his blood!
You hit Crazy Yiuf.
Crazy Yiuf is lightly wounded.
You block Crazy Yiuf's attack.
Your ring mail prevents you from hitting Crazy Yiuf.
Crazy Yiuf is lightly wounded.
Crazy Yiuf misses you.
You barely miss Crazy Yiuf.
Crazy Yiuf is lightly wounded.
Crazy Yiuf hits you with a +3 quarterstaff of chaos!
There is an open translucent door here.
You fail to use your ability.
Crazy Yiuf barely misses you.
Crazy Yiuf zaps a wand.
The puff of flame hits you.
Crazy Yiuf sings, "Trees, trees, trees, circus!"
Crazy Yiuf zaps a wand.
The puff of flame misses you.
Crazy Yiuf zaps a wand.
The puff of flame misses you.
You turn into a vampire bat.
Your +0 vorpal falchion melds into your body.
Your +0 ring mail melds into your body.
You feel weakened.
You feel dopey.
You feel clumsy.
There is a stone staircase leading up here.
Crazy Yiuf zaps a wand.
The puff of flame hits you!
You die...

#..........# #<... # #.########.#
#####..#. # #.# #.# #........
############.########.###÷###..##
..........................# #..##
####.....##...#######.#######÷.##
###...##....#....# #.# ##...#
##.###.####...##.# #.# ##.#..#
...# #.......###b# #.####.###.##
#### ######### #.# #.....## ##.#
#.# #.####.###.## #.#
#.##....#.## ##### #####.#
#.##..(..## #)..###
##..#g.####........#
#...'.####.g................####
#...##g.#......########.....##..
########.#...### ###..#.#.#


You could see Crazy Yiuf.

Vanquished Creatures
  A hound (D:4)
  2 adders (D:2)
  2 worms (D:2)
  A dart slug (D:1)
  An orc (D:5)
  4 ball pythons
  3 endoplasms
  A giant cockroach (D:2)
  4 hobgoblins
  3 kobolds
  4 quokkas
  3 bats
  5 frilled lizards
  2 goblins (D:1)
  4 rats
40 creatures vanquished.

Notes
Turn   | Place    | Note
-------+----------+-------------------------------------------
     0 | D:5      | Majang the Vampire Delver began the quest for the Orb.
     0 | D:5      | Reached XP level 1. HP: 17/17 MP: 1/1
    17 | D:5      | Found a stormy altar of Qazlal.
   172 | D:4      | Noticed a hound
   240 | D:4      | Killed a hound
   241 | D:4      | Reached XP level 2. HP: 18/23 MP: 2/2
   241 | D:4      | Gained mutation: You are afflicted with vampirism and can
                  | become a bat while bloodless. [Vampire growth]
   241 | D:4      | Reached XP level 3. HP: 22/28 MP: 3/3
   338 | D:3      | Found a blossoming altar of Fedhas.
  1417 | D:2      | Reached XP level 4. HP: 27/27 MP: 4/4
  1914 | D:2      | Found a runed translucent door.
  1915 | D:2      | Noticed Crazy Yiuf
  1944 | D:2      | Killed from afar by Crazy Yiuf

Illustrated notes

Levels and vault maps discovered:
D:1:      lightli_arrival_windingriver, layout_basic
D:2:      layout_loops_ring, basic_altar, minmay_tromino_v4_a,
          uniq_crazy_yiuf_cottage
D:3:      cheibrodos_helix_gallery, layout_loops_ring, fedhas_altar_1,
          minivault_26
D:4:      layout_loops_corners, serial_shops, nicolae_shop_trees,
          hangedman_abyss_or_decor_passed, uniq_duvessa
D:5:      layout_basic, good_gods_temple_1, mainiacjoe_overflow_surrounded_room,
          uniq_edmund, uniq_eustachio

Skill      XL: |  1  2  3 |
---------------+----------+-----
Long Blades    | 3 4 |  4.7
Fighting       | |  2.6
Dodging        | |  2.1
Stealth        | |  7.2

Action                   |  1- 3 |  4- 6 || total
-------------------------+-------+-------++-------
Melee: Falchion          |    60 |    35 ||    95
       Bite              |     5 |     1 ||     6
 Abil: Exsanguinate      |     1 |       ||     1
       Bat Form          |       |     1 ||     1
  Use: Scroll            |     1 |       ||     1
       Potion            |     1 |       ||     1
 Stab: Sleeping          |    15 |    12 ||    27
Armor: Ring mail         |    19 |     3 ||    22
Dodge: Dodged            |    33 |    13 ||    46
Block: Other             |       |     2 ||     2

Table legend: (Time is in decaauts)
 A = Elapsed time spent in this place.
 B = Non-inter-level travel time spent in this place.
 C = Inter-level travel time spent in this place.
 D = Time resting spent in this place.
 E = Time spent auto-exploring this place.
 F = Levels seen in this place.
 G = Mean time per level.
                   A        B        C        D        E       F      G
               +--------+--------+--------+--------+--------+-----+--------+
         Total |   1940 |   1894 |     46 |    253 |    844 |   5 |  388.0 |
       Dungeon |   1940 |   1894 |     46 |    253 |    844 |   5 |  388.0 |
               +--------+--------+--------+--------+--------+-----+--------+

Top non-repeatable levels by time:
     D:1: 817 daAuts
     D:2: 744 daAuts
     D:4: 186 daAuts
     D:5: 127 daAuts
     D:3: 65 daAuts
